 Dungeon Crawl Stone Soup version 0.18-a0-1745-gffa9a88 (webtiles) character file.

91 dobroeutro the Shield-Bearer (level 4, -3/29 HPs)
             Began as a Gargoyle Fighter on Apr 11, 2016.
             Slain by an orc
             ... wielding a +0 war axe
              (5 damage)
             ... on level 3 of the Dungeon.
             The game lasted 00:02:03 (1275 turns).

dobroeutro the Shield-Bearer (Gargoyle Fighter)     Turns: 1275, Time: 00:02:05

Health: -3/29      AC: 10    Str: 21    XL:     4   Next: 57%
Magic:  4/4        EV:  7    Int:  8    God:
Gold:   80         SH:  9    Dex:  9    Spells: 0 memorised, 3 levels left

rFire  . . .     SeeInvis .     a - +0 flail
rCold  . . .     Gourm    .     b - +0 scale mail
rNeg   + . .     Faith    .     c - +0 shield
rPois  ∞         Spirit   .     (no helmet)
rElec  +         Dismiss  .     (no cloak)
rCorr  .         Reflect  .     (no gloves)
SustAt .         Harm     .     (no boots)
MR     .....                    (no amulet)
Stlth  ..........               (no ring)
                                (no ring)

@: not resistant to hostile enchantments, extremely unstealthy
A: negative energy resistance 1, electricity resistance, unbreathing,
petrification resistance, rot immunity, AC +3
a: no special abilities


You were on level 3 of the Dungeon.
You were not hungry.

You visited 1 branch of the dungeon, and saw 3 of its levels.

You collected 80 gold pieces.

Inventory:

Hand Weapons
 a - a +0 flail (weapon)
Armour
 b - a +0 scale mail (worn)
 c - a +0 shield (worn)
Scrolls
 e - a scroll of fog {unknown}
 h - a scroll of amnesia {unknown}
 i - 2 scrolls of random uselessness {unknown}
 m - a scroll of enchant weapon {unknown}
 o - a scroll of identify {unknown}
Potions
 d - a potion of might
 k - 2 potions of flight {unknown}
 l - a potion of heal wounds {unknown}
 n - a potion of lignification {unknown}
Comestibles
 f - 3 bread rations
 g - a slice of pizza
 j - a meat ration


   Skills:
 + Level 4.0 Fighting
 + Level 2.5 Maces & Flails
 + Level 4.0 Armour
 + Level 4.2 Shields


You had 3 spell levels left.
You didn't know any spells.

Dungeon Overview and Level Annotations

Branches:
Dungeon (3/15)

Altars:
Qazlal

Annotations:
D:2 Sigmund


Innate Abilities, Weirdness & Mutations

You are resistant to torment.
Your stone body is resilient (AC +3).
You are immune to poison.
You resist negative energy.
You are resistant to electric shocks.
You can survive without breathing.
You are immune to petrification.
You are immune to rotting.


Message History

You block the orc's attack.
The orc priest hits you but does no damage.
You block the orc's attack. The adder bites you but does no damage.
The orc hits you.
* * * LOW HITPOINT WARNING * * *
You thump the orc priest!
The orc priest is severely wounded.
You block the orc's attack. The adder bites you but does no damage.
The orc priest casts a cantrip, but nothing happens.
The orc hits you but does no damage. x2; You block the adder's attack.
The orc hits you but does no damage.
The orc priest hits you with a mace of pain.
* * * LOW HITPOINT WARNING * * *
You hit the orc priest.
The orc priest is almost dead.
The orc hits you but does no damage. You block the orc's attack.
The adder barely misses you. The orc hits you but does no damage.
You block the orc priest's attack. The orc barely misses you.
The adder bites you but does no damage. The orc hits you with a war axe.
You die...

....... ..
#...... ..##
....... ...
....... ..
#...... #.#
#...g
..####.
#.go#S......
#o@o.#
##o#.# #.# #
#<# #.# #.#
#.. ###


You could see an orc priest, an adder, 3 orcs and 2 goblins.

Vanquished Creatures
  Natasha (D:2)
  3 adders
  An ooze (D:2)
  2 giant geckos
  An orc (D:3)
  2 ball pythons (D:2)
  2 bats (D:2)
  2 goblins
  8 hobgoblins
  4 kobolds
  2 giant newts (D:1)
  4 rats
32 creatures vanquished.

Notes
Turn   | Place    | Note
--------------------------------------------------------------
     0 | D:1      | dobroeutro the Gargoyle Fighter began the quest for the Orb.
     0 | D:1      | Reached XP level 1. HP: 14/14 MP: 1/1
   112 | D:1      | Reached XP level 2. HP: 11/19 MP: 2/2
   572 | D:1      | Reached XP level 3. HP: 22/23 MP: 3/3
   874 | D:2      | Noticed Natasha
   885 | D:2      | Killed Natasha
   885 | D:2      | Reached XP level 4. HP: 16/29 MP: 4/4
   992 | D:2      | Found a stormy altar of Qazlal.
  1006 | D:2      | Noticed Sigmund
  1275 | D:3      | Slain by an orc

Vault maps used:
D:1:      dpeg_arrival_snail
D:2:      nicolae_qazlal_general_emergency, first_bread, uniq_sigmund,
          uniq_natasha

Skill      XL: |  1  2  3 |
---------------+----------+-----
Shields        | 4 |  4.2
Fighting       | 4 |  4.0
Armour         | 4 |  4.0
Maces & Flails | |  2.5

Action                   |  1- 3 |  4- 6 || total
-------------------------+-------+-------++-------
Melee: Flail             |    96 |    21 ||   117
  Eat: Chunk             |       |     1 ||     1
